 Dungeon Crawl Stone Soup version 0.31-a0-164-g2312942fda (webtiles) character file.

Game seed: 16931353278788957831

882 qw the Shooter (level 8, -6/73 HPs)
             Began as a Naga Hunter on June 13, 2023.
             Mangled by an orc warrior
             ... wielding a +0 trident
              (7 damage)
             ... on level 8 of the Dungeon.
             The game lasted 00:01:38 (4569 turns).

qw the Shooter (Naga Hunter)                        Turns: 4569, Time: 00:01:38

Health: -6/73      AC:  6    Str: 12 (13) XL:     8   Next: 5%
Magic:  8/8        EV: 10    Int:  7 (10) God:
Gold:   208        SH:  0    Dex: 16 (17) Spells: 7/7 levels left

rFire   . . .        Y - +0 shortbow
rCold   . . .        (shield currently unavailable)
rNeg    . . .        c - +0 leather armour
rPois   +            b - +0 helmet
rElec   .            (no cloak)
rCorr   .            l - +0 pair of gloves
SInv    +            (no barding)
Will    +....        (no amulet)
Stlth   ++           (no ring)
HPRegen 0.32/turn    (no ring)
MPRegen 0.11/turn

%: no passive effects
@: short of breath, very slow
A: AC +2, large, see invisible, deformed body, poison resistance, slowness 2,
spit poison 1, naga tail 1
a: Spit Poison


You were on level 8 of the Dungeon.
You visited 1 branch of the dungeon, and saw 6 of its levels.

You collected 208 gold pieces.


Innate Abilities, Weirdness & Mutations

Your serpentine skin is tough. (AC +2)
You have supernaturally acute eyesight. (SInv)
Armour fits poorly on your strangely shaped body.
Your system is resistant to poisons. (rPois)
You cover ground very slowly.
You can spit poison.
You have a snake-like lower body.


   Skills:
 - Level 4.6 Fighting
 + Level 7.4 Ranged Weapons
 - Level 1.5 Armour
 - Level 2.4 Dodging
 - Level 1.5 Stealth


You had 7 spell levels left.
You didn't know any spells.
Your spell library was empty.

Inventory:

Hand Weapons
 Y - a +0 shortbow (weapon)
Armour
 b - a +0 helmet (worn)
 c - a +0 leather armour (worn)
 l - a +0 pair of gloves (worn)
Scrolls
 a - 3 scrolls of amnesia {unknown}
 i - a scroll of identify
Potions
 g - a potion of curing
 h - a potion of cancellation
 j - a potion of haste {unknown}
 k - a potion of heal wounds

Dungeon Overview and Level Annotations

Branches:
Dungeon (5/15)
 Temple: D:4-7

Altars:
Cheibriados
Wu Jian

Shops:
D:4 :=

Annotations:
D:4 1 runed translucent door, Crazy Yiuf


Message History

You kill the killer bee!
You shoot an arrow. The kobold brigand shouts!
The arrow hits the cyan ugly thing.
The cyan ugly thing is lightly wounded.
You hear a howl!
An orc warrior comes into view. It is wielding a +0 trident.
The kobold brigand throws a curare-tipped dart.
The curare-tipped dart closely misses you.
You shoot an arrow. The arrow hits the cyan ugly thing.
The cyan ugly thing is moderately wounded.
You shoot an arrow. The arrow hits the cyan ugly thing.
The cyan ugly thing is moderately wounded.
A cyclops comes into view.
You shoot an arrow.
The arrow barely misses the cyan ugly thing.
The cyclops shouts!
You have got your breath back.
A howler monkey comes into view.
The cyan ugly thing kicks you. The cyan ugly thing shocks you!
4567 ||| INVOKING Spit Poison.
Aiming: Spit Poison (1% risk of failure)
Press: ? - help, Shift-Dir - straight line, f/p - cyan ugly thing The splash of poison hits the cyan ugly thing!
The cyan ugly thing is poisoned.
The cyan ugly thing is heavily wounded.
The cyclops throws a large rock.
The large rock hits you!! The cyan ugly thing kicks you.
The cyan ugly thing shocks you!
You shoot an arrow.
The arrow hits the cyan ugly thing but does no damage.
The cyan ugly thing is heavily wounded.
The cyan ugly thing barely misses you.
An orc comes into view. It is wielding a +0 mace.
You shoot an arrow.
The arrow closely misses the cyan ugly thing.
The cyan ugly thing kicks you. The cyan ugly thing shocks you!
The kobold brigand throws a curare-tipped dart.
The curare-tipped dart closely misses you.
The orc warrior hits you from afar with a +0 trident!
You die...

## ..
.##..C.
#####.o...#
#...@#
##.#.u.....o
#...K......
#######....
... .. #


You could see a cyan ugly thing (poisoned), a cyclops, an orc warrior, a kobold
brigand and an orc.

Vanquished Creatures
  A black bear (D:5)
  An ice beast (D:5)
  An ogre (D:5)
  2 scorpions
  A killer bee (D:8)
  A hound (D:5)
  A jelly (D:5)
  An iguana (D:4)
  2 orc wizards (D:5)
  Natasha (thrice) (D:4)
  Robin (D:4)
  4 gnolls (D:5)
  10 adders
  A dart slug (D:4)
  7 orcs
  8 endoplasms
  2 giant cockroaches
  24 goblins
  6 hobgoblins
  3 jackals (D:4)
  5 kobolds
  6 quokkas
  10 ball pythons
  5 bats
  7 frilled lizards
  18 rats (D:2)
131 creatures vanquished.

Notes
Turn   | Place    | Note
-------+----------+-------------------------------------------
     0 | D:1      | qw the Naga Hunter began the quest for the Orb.
     0 | D:1      | Reached XP level 1. HP: 19/19 MP: 1/1
     0 | D:1      | 0 ||| qw: Version: 0.2-a-29-gc1b59c4
     0 | D:1      | 0 ||| qw: Game counter: 4604
     0 | D:1      | 0 ||| qw: Always use a shield: true
     0 | D:1      | 0 ||| qw: God list: Okawaru
     0 | D:1      | 0 ||| qw: Allow faded altars: false
     0 | D:1      | 0 ||| qw: Do Orc after D:15 true
     0 | D:1      | 0 ||| qw: Do second Lair branch before Depths: true
     0 | D:1      | 0 ||| qw: Lair rune preference: random
     0 | D:1      | 0 ||| qw: Plans: Normal
     0 | D:1      | 0 ||| PLANNING D:1-11
    26 | D:1      | Found a faded altar of an unknown god.
    30 | D:1      | 30 ||| INVOKING Spit Poison.
    55 | D:1      | 55 ||| INVOKING Spit Poison.
    59 | D:1      | 59 ||| INVOKING Spit Poison.
   111 | D:1      | 111 ||| INVOKING Spit Poison.
   202 | D:1      | 202 ||| INVOKING Spit Poison.
   203 | D:1      | Reached skill level 4 in Ranged Weapons
   203 | D:1      | Reached XP level 2. HP: 26/26 MP: 2/2
   228 | D:1      | 228 ||| INVOKING Spit Poison.
   234 | D:1      | 234 ||| INVOKING Spit Poison.
   274 | D:1      | 274 ||| INVOKING Spit Poison.
   343 | D:1      | 343 ||| INVOKING Spit Poison.
   363 | D:1      | 363 ||| INVOKING Spit Poison.
   389 | D:1      | 389 ||| INVOKING Spit Poison.
   409 | D:1      | 409 ||| INVOKING Spit Poison.
   532 | D:1      | 532 ||| INVOKING Spit Poison.
   739 | D:1      | 739 ||| INVOKING Spit Poison.
   813 | D:1      | 813 ||| UPGRADING to +0 pair of gloves.
   818 | D:1      | 818 ||| READING scroll labelled YFITHA DUFES.
   866 | D:1      | 866 ||| READING scroll labelled XUTHAJ AWEPPANKUONG.
   867 | D:1      | 867 ||| READING scroll labelled NINAHI IPP.
   868 | D:1      | 868 ||| READING scroll labelled ZEVUAQ EVVUIB.
   869 | D:1      | 869 ||| DROPPING scroll of butterflies.
   966 | D:2      | Reached XP level 3. HP: 32/32 MP: 3/3
   987 | D:2      | 987 ||| INVOKING Spit Poison.
  1019 | D:2      | 1019 ||| INVOKING Spit Poison.
  1070 | D:2      | 1070 ||| INVOKING Spit Poison.
  1087 | D:2      | 1087 ||| INVOKING Spit Poison.
  1092 | D:2      | 1092 ||| INVOKING Spit Poison.
  1124 | D:2      | 1124 ||| INVOKING Spit Poison.
  1129 | D:2      | 1129 ||| INVOKING Spit Poison.
  1132 | D:2      | 1132 ||| INVOKING Spit Poison.
  1138 | D:2      | 1138 ||| INVOKING Spit Poison.
  1144 | D:2      | 1144 ||| INVOKING Spit Poison.
  1147 | D:2      | 1147 ||| INVOKING Spit Poison.
  1151 | D:2      | 1151 ||| INVOKING Spit Poison.
  1157 | D:2      | 1157 ||| INVOKING Spit Poison.
  1162 | D:2      | 1162 ||| INVOKING Spit Poison.
  1163 | D:2      | 1163 ||| INVOKING Spit Poison.
  1164 | D:2      | Reached skill level 5 in Ranged Weapons
  1165 | D:2      | Reached XP level 4. HP: 24/39 MP: 4/4
  1231 | D:2      | 1231 ||| INVOKING Spit Poison.
  1234 | D:2      | 1234 ||| INVOKING Spit Poison.
  1282 | D:2      | 1282 ||| INVOKING Spit Poison.
  1532 | D:2      | Identified the +9 spear "Afukeaps" {freeze, *Corrode +Blink
                  | rF+++ Stlth-}
  1545 | D:2      | 1545 ||| INVOKING Spit Poison.
  1551 | D:2      | 1551 ||| INVOKING Spit Poison.
  1558 | D:2      | 1558 ||| INVOKING Spit Poison.
  1626 | D:2      | 1626 ||| INVOKING Spit Poison.
  1741 | D:2      | 1741 ||| INVOKING Spit Poison.
  1744 | D:2      | 1744 ||| INVOKING Spit Poison.
  1874 | D:2      | 1874 ||| INVOKING Spit Poison.
  1888 | D:2      | 1888 ||| READING scroll labelled REMNAN DUXIEPE.
  1889 | D:2      | 1889 ||| READING scroll labelled SOGGA IGEETUT.
  1958 | D:3      | 1958 ||| INVOKING Spit Poison.
  1961 | D:3      | 1961 ||| INVOKING Spit Poison.
  2034 | D:3      | 2034 ||| INVOKING Spit Poison.
  2040 | D:3      | 2040 ||| INVOKING Spit Poison.
  2058 | D:3      | 2058 ||| INVOKING Spit Poison.
  2069 | D:3      | 2069 ||| INVOKING Spit Poison.
  2081 | D:3      | 2081 ||| INVOKING Spit Poison.
  2179 | D:3      | Reached skill level 3 in Fighting
  2184 | D:3      | 2184 ||| INVOKING Spit Poison.
  2227 | D:3      | 2227 ||| INVOKING Spit Poison.
  2347 | D:3      | 2347 ||| INVOKING Spit Poison.
  2424 | D:3      | 2424 ||| INVOKING Spit Poison.
  2617 | D:3      | Found an ornate altar of the Wu Jian Council.
  2625 | D:3      | 2625 ||| DROPPING amulet of magic regeneration.
  2626 | D:3      | 2626 ||| READING scroll labelled QOADOOVVICU.
  2627 | D:3      | 2627 ||| READING scroll labelled JUDEPP SUUS.
  2628 | D:3      | 2628 ||| DRINKING 2 murky inky potions.
  2678 | D:4      | 2678 ||| INVOKING Spit Poison.
  2712 | D:4      | 2712 ||| INVOKING Spit Poison.
  2731 | D:4      | 2731 ||| INVOKING Spit Poison.
  2733 | D:4      | Reached XP level 5. HP: 49/49 MP: 5/5
  2737 | D:4      | 2737 ||| INVOKING Spit Poison.
  2787 | D:4      | 2787 ||| INVOKING Spit Poison.
  2927 | D:4      | Noticed Natasha
  2930 | D:4      | Killed Natasha
  2951 | D:4      | 2951 ||| INVOKING Spit Poison.
  3045 | D:4      | 3045 ||| INVOKING Spit Poison.
  3057 | D:4      | Found a runed translucent door.
  3058 | D:4      | Noticed Crazy Yiuf
  3071 | D:4      | 3071 ||| INVOKING Spit Poison.
  3129 | D:4      | 3129 ||| INVOKING Spit Poison.
  3133 | D:4      | 3133 ||| INVOKING Spit Poison.
  3134 | D:4      | Reached skill level 6 in Ranged Weapons
  3134 | D:4      | Reached XP level 6. HP: 56/56 MP: 6/6
  3143 | D:4      | Noticed Natasha
  3148 | D:4      | 3148 ||| INVOKING Spit Poison.
  3148 | D:4      | Killed Natasha
  3161 | D:4      | Found Nigryug's Jewellery Shoppe.
  3170 | D:4      | 3170 ||| SHOPLISTING amulet of faith (400 gold, have 147).
  3170 | D:4      | 3170 ||| SHOPLISTING ring of positive energy (200 gold,
                  | have 147).
  3170 | D:4      | 3170 ||| SHOPLISTING ring of protection from cold (250
                  | gold, have 147).
  3170 | D:4      | 3170 ||| SHOPLISTING ring of willpower (250 gold, have
                  | 147).
  3417 | D:4      | 3417 ||| INVOKING Spit Poison.
  3430 | D:4      | 3430 ||| INVOKING Spit Poison.
  3436 | D:4      | 3436 ||| INVOKING Spit Poison.
  3437 | D:4      | Noticed Robin
  3438 | D:4      | 3438 ||| Stepping ~*~*~tactically~*~*~ (outnumbered).
  3441 | D:4      | 3441 ||| INVOKING Spit Poison.
  3442 | D:4      | 3442 ||| Stepping ~*~*~tactically~*~*~ (outnumbered).
  3444 | D:4      | 3444 ||| INVOKING Spit Poison.
  3445 | D:4      | 3445 ||| Stepping ~*~*~tactically~*~*~ (outnumbered).
  3449 | D:4      | 3449 ||| INVOKING Spit Poison.
  3455 | D:4      | 3455 ||| INVOKING Spit Poison.
  3468 | D:4      | 3468 ||| INVOKING Spit Poison.
  3475 | D:4      | 3475 ||| INVOKING Spit Poison.
  3477 | D:4      | Killed Robin
  3478 | D:4      | 3478 ||| INVOKING Spit Poison.
  3543 | D:4      | 3543 ||| INVOKING Spit Poison.
  3576 | D:4      | Noticed Natasha
  3578 | D:4      | 3578 ||| INVOKING Spit Poison.
  3578 | D:4      | Killed Natasha
  3589 | D:4      | Found Qyjiw's Book Emporium.
  3718 | D:4      | 3718 ||| UPGRADING to +0 helmet.
  3723 | D:4      | 3723 ||| READING scroll labelled TAOFEO OLUYNOUGAR.
  3772 | D:4      | 3772 ||| DRINKING 2 fuming blue potions.
  3773 | D:4      | 3773 ||| DRINKING 2 bubbling grey potions.
  3774 | D:4      | 3774 ||| READING 3 scrolls of identify.
  3774 | D:4      | 3774 ||| IDENTIFYING sedimented golden potion
  3775 | D:4      | 3775 ||| READING 2 scrolls of identify.
  3775 | D:4      | 3775 ||| IDENTIFYING brown potion
  3776 | D:4      | 3776 ||| DROPPING potion of degeneration.
  3777 | D:4      | 3777 ||| DROPPING potion of attraction.
  3806 | D:5      | Entered Level 5 of the Dungeon
  3854 | D:5      | Noticed a black bear
  3855 | D:5      | 3855 ||| INVOKING Spit Poison.
  3858 | D:5      | 3858 ||| INVOKING Spit Poison.
  3860 | D:5      | Killed a black bear
  3926 | D:5      | 3926 ||| Stepping ~*~*~tactically~*~*~ (outnumbered).
  3928 | D:5      | 3928 ||| INVOKING Spit Poison.
  3932 | D:5      | Reached XP level 7. HP: 38/66 MP: 7/7
  3932 | D:5      | 3932 ||| INVOKING Spit Poison.
  3935 | D:5      | 3935 ||| INVOKING Spit Poison.
  3940 | D:5      | 3940 ||| INVOKING Spit Poison.
  3977 | D:5      | 3977 ||| INVOKING Spit Poison.
  3983 | D:5      | 3983 ||| INVOKING Spit Poison.
  4137 | D:5      | 4137 ||| INVOKING Spit Poison.
  4141 | D:5      | 4141 ||| INVOKING Spit Poison.
  4144 | D:5      | 4144 ||| INVOKING Spit Poison.
  4159 | D:5      | 4159 ||| INVOKING Spit Poison.
  4169 | D:5      | 4169 ||| INVOKING Spit Poison.
  4174 | D:5      | 4174 ||| INVOKING Spit Poison.
  4176 | D:5      | Reached skill level 7 in Ranged Weapons
  4180 | D:5      | 4180 ||| INVOKING Spit Poison.
  4244 | D:5      | 4244 ||| INVOKING Spit Poison.
  4247 | D:5      | 4247 ||| INVOKING Spit Poison.
  4328 | D:5      | Reached skill level 1 in Armour
  4466 | D:5      | 4466 ||| INVOKING Spit Poison.
  4471 | D:5      | 4471 ||| INVOKING Spit Poison.
  4476 | D:5      | 4476 ||| INVOKING Spit Poison.
  4480 | D:5      | 4480 ||| INVOKING Spit Poison.
  4484 | D:5      | Reached XP level 8. HP: 64/73 MP: 8/8
  4545 | D:5      | Found a snail-covered altar of Cheibriados.
  4556 | D:5      | You fall into a shaft and drop 3 floors!
  4559 | D:8      | Noticed a cyan ugly thing
  4562 | D:8      | 4562 ||| INVOKING Spit Poison.
  4565 | D:8      | Noticed a cyclops
  4567 | D:8      | 4567 ||| INVOKING Spit Poison.
  4569 | D:8      | HP: 17/73 [cyan ugly thing (5)]
  4569 | D:8      | HP: 1/73 [cyan ugly thing (16)]
  4569 | D:8      | Mangled by an orc warrior

Levels and vault maps discovered:
D:1:      dpeg_arrival_rhombi, layout_loops_corners,
          ebering_ecumenical_altar_rust, minmay_pentomino_z4
D:2:      layout_basic, serial_aquarium, aquarium_bridge_square
          [aquarium_subvault_wall, aquarium_subvault_bridge,
          aquarium_subvault_wall, aquarium_subvault_bridge],
          aquarium_bridge_square [aquarium_subvault_wall,
          aquarium_subvault_bridge, aquarium_subvault_wall,
          aquarium_subvault_wall], aquarium_window_corner, aquarium_window_3,
          aquarium_window_1, aquarium_view_2c, minmay_rat_hole
D:3:      layout_loops_ring, mainiacjoe_overflow_alcove_1
D:4:      kennysheep_goblin_castle, layout_cave_pods, serial_shops,
          nicolae_shop_tiny_statue_garden, shop, uniq_crazy_yiuf_cottage,
          uniq_natasha
D:5:      layout_basic, old_standard_altar, minmay_misc_feat_rows,
          nicolae_half_adder
D:8:      layout_rooms, gammafunk_ghost_wrathful_warriors, minmay_shop_mayhem,
          minivault_27, minmay_misc_feat_plants, minmay_shop_grid_forest,
          minmay_manual_monolith, uniq_gastronok

Skill      XL: |  1  2  3  4  5  6  7 |
---------------+----------------------+-----
Ranged Weapons | 4 5 6 7 |  7.4
Fighting       | 3 4 |  4.6
Dodging        | 2 |  2.4
Armour         | 1 |  1.5
Stealth        | |  1.5

Action                     |  1- 3 |  4- 6 |  7- 9 || total
---------------------------+-------+-------+-------++-------
   Fire: Shortbow          |    63 |   134 |    78 ||   275
Ability: Spit Poison       |    28 |    47 |    20 ||    95
    Use: Scroll            |     4 |     7 |       ||    11
         Potion            |       |     3 |       ||     3
 Armour: Leather armour    |    21 |    29 |    18 ||    68
  Dodge: Dodged            |    21 |    35 |    29 ||    85

Table legend:
 A = Non-vault XP
 B = Vault XP
 C = Vault XP percentage of total XP
 D = Non-vault monster count
 E = Vault monster count
 F = Vault count percentage of total count
                 A         B        C        D         E       F
            +---------+---------+-------+---------+---------+-------
      Total |    1027 |     234 |  18.6 |      82 |      49 |  37.4
            +---------+---------+-------+---------+---------+-------
        D:1 |      26 |       7 |  21.2 |      16 |       4 |  20.0
        D:2 |      52 |      20 |  27.8 |      18 |      19 |  51.4
        D:3 |      55 |       0 |   0.0 |      18 |       0 |   0.0
        D:4 |     218 |      96 |  30.6 |      15 |      21 |  58.3
        D:5 |     676 |      52 |   7.1 |      15 |       4 |  21.1
        D:8 |       0 |      59 | 100.0 |       0 |       1 | 100.0
            +---------+---------+-------+---------+---------+-------
